 Dungeon Crawl Stone Soup version 0.20.0-3-g22ec75f (webtiles) character file.

24 Rim the Charmwright (level 3, 23/24 HPs)
             Began as an Octopode Skald on May 27, 2017.
             Quit the game on level 1 of the Dungeon.
             The game lasted 00:02:10 (725 turns).

Rim the Charmwright (Octopode Skald)                 Turns: 725, Time: 00:02:11

Health: 23/24      AC:  1    Str: 10    XL:     3   Next: 2%
Magic:  1/6        EV: 13    Int: 15    God:
Gold:   37         SH:  0    Dex: 12    Spells: 5/6 levels left

rFire    + . .     SeeInvis .   a - +0 mace
rCold    x . .     Gourm    .   (no shield)
rNeg     . . .     Faith    .   (helmet restricted)
rPois    .         Spirit   .   (no amulet)
rElec    .         Reflect  .   j - ring of fire
rCorr    .         Harm     .   (no ring)
MR       .....                  (no ring)
Stlth    ++........             (no ring)
Regen    0.1/turn               (no ring)
MPRegen  0.1/turn               (no ring)
                                (no ring)
                                (no ring)

@: infused
A: almost no armour, stealthy swim, amphibious, 8 rings, constrict 8, camouflage
1, gelatinous body 1
a: no special abilities


You were on level 1 of the Dungeon.
You were not hungry.

You visited 1 branch of the dungeon, and saw 1 of its levels.

You collected 37 gold pieces.

Inventory:

Hand Weapons
 a - a +0 mace (weapon)
Jewellery
 j - a ring of fire (left tentacle)
Scrolls
 e - 2 scrolls of remove curse {unknown}
 g - a scroll of identify {unknown}
Potions
 f - a potion of heal wounds {unknown}
 h - a potion of berserk rage {unknown}
 i - a potion of haste {unknown}
Books
 b - a book of Battle

   Spells                             Type                      Level
   a - Infusion                       Charms                       1
   b - Shroud of Golubria             Charms/Translocation         2
   c - Song of Slaying                Charms                       2
   d - Spectral Weapon                Hexes/Charms                 3
   e - Regeneration                   Charms/Necromancy            3
Comestibles
 c - a bread ration
 d - a royal jelly


   Skills:
 - Level 2.0 Fighting
 + Level 2.4 Maces & Flails
 - Level 2.3 Dodging
 + Level 2.3 Spellcasting
 + Level 3.4 Charms


You had 5 spell levels left.
You knew the following spells:

 Your Spells              Type           Power        Failure   Level  Hunger
a - Infusion              Chrm           ##..         5%          1    #......


Dungeon Overview and Level Annotations

Branches:
Dungeon (1/15)

Altars:


Innate Abilities, Weirdness & Mutations

You cannot wear most types of armour.
You are very stealthy in the water. (Stealth+)
You are amphibious.
You can wear up to eight rings at the same time.
You can use your tentacles to constrict eight enemies at once.
Your skin changes colour to match your surroundings (Stealth+).
Your rubbery body absorbs attacks. (AC +1, EV +1)


Message History

Casting: Infusion
Confirm with . or Enter, or press ? or * to list all spells.
You begin infusing your attacks with magical energy.
Unknown command.
You hit the adder. Your grab misses the adder.
The adder is moderately wounded.
The adder bites you.
You miss the adder. Your grab misses the adder.
The adder is moderately wounded.
The adder misses you. x2
You hit the adder. Your grab misses the adder.
The adder is heavily wounded.
The adder barely misses you. x2
You hit the adder!
You kill the adder!
You have reached level 3!
Your experience leads to an increase in your attributes!
Increase (S)trength, (I)ntelligence, or (D)exterity?
You feel agile.
Are you sure you want to abandon this character and quit the game? (Confirm with "yes".)

########.##........#####[.
#..................# #..
#......#.#.........# #..
#..................# #..
##....#..#.....#########..
#....#..#.....# #......
#....#........# #......
#...###.##....#####......
#.......@........##......
#######†...#####.........
#.....†>.................
#....####...#####...##....
#.. #...# ###...##.... #
#...# #.....###### #...#
#.#...###### #...#
#........#.. #...#
########.#.#


There were no monsters in sight!

Vanquished Creatures
  An adder (D:1)
  2 dart slugs (D:1)
  A giant cockroach (D:1)
  2 goblins (D:1)
  A hobgoblin (D:1)
  A bat (D:1)
  A frilled lizard (D:1)
  3 kobolds (D:1)
  A rat (D:1)
13 creatures vanquished.

Notes
Turn   | Place    | Note
-------+----------+-------------------------------------------
     0 | D:1      | Rim the Octopode Skald began the quest for the Orb.
     0 | D:1      | Reached XP level 1. HP: 14/14 MP: 3/3
   293 | D:1      | Reached XP level 2. HP: 17/19 MP: 5/5
   724 | D:1      | Reached XP level 3. HP: 23/24 MP: 1/6
   725 | D:1      | Quit the game

Action                   || total
-------------------------++-------
Melee: Mace              ||    26
       Constrict         ||     8
       Tentacles         ||     2
 Cast: Infusion          ||     2
 Stab: Sleeping          ||     1
Armor: Skin              ||     1
Dodge: Dodged            ||    19
